Map: Snowy Mesa

Players

Ares

  • Race: Zerg Zerg
  • Spawn Location: 12:00

Larry

  • Race: Protoss Protoss
  • League: Grandmaster
  • Spawn Location: 12:00

Bioice - Winner!

  • Race: Zerg Zerg
  • League: Grandmaster
  • Spawn Location: 6:00

puCK (Nina) - Winner!

  • Race: Protoss Protoss
  • League: Grandmaster
  • Spawn Location: 6:00

VOD

Have the link to the VOD?

Description

Time

  • Played on: Aug. 23, 2016, 3:07 p.m.
  • Length: 8:20
Show
View Real Time Build Order
Export as new Build Order

Ares Zerg 

Build Orders: Hatch First, Zergling Baneling 

Get SALT Encoding   

  12  0:00  Drone  
  13  0:12  Overlord  
  13  0:17  Drone  
  14  0:30  Drone x2  
  14  0:34  Drone  
  17  0:55  Drone  
  18  0:57  Hatchery  
  18  0:59  Drone  
  18  1:06  Extractor  
  17  1:13  Spawning Pool  
  17  1:16  Drone  
  17  1:19  Drone  
  18  1:31  Drone  
  19  1:42  Overlord  
  19  1:53  Drone  
  20  2:00  Queen  
  22  2:01  Zergling x2  
  22  2:07  Metabolic Boost  
  23  2:09  Queen  
  23  2:10  Zergling x2  
  23  2:12  Drone  
  27  2:25  Drone  
  27  2:27  Drone  
  27  2:29  Evolution Chamber  
  28  2:37  Baneling Nest  
  28  2:42  Overlord  
  27  2:47  Zergling x6  
  30  2:55  Zergling x2  
  30  2:56  Zergling x2  
  32  3:06  Zergling x2  
  32  3:11  Zergling x4  
  32  3:12  Zergling x2  
  36  3:13  Zergling x2  
  36  3:15  Zergling x2  
  36  3:18  Overlord  
  37  3:21  Zergling x2  
  37  3:22  Zergling x2  
  37  3:26  Zergling x2  
  40  3:28  Zergling x2  
  40  3:31  Zergling x2  
  42  3:40  Zergling x2  
  42  3:42  Zergling x2  
  43  3:50  Zergling x6  
  43  3:51  Zergling x4  
  43  3:52  Zergling x2  
  49  3:57  Zergling x2  
  49  3:58  Baneling  
  49  3:59  Baneling  
  50  4:03  Zergling x2  
  50  4:07  Zergling x2  
  50  4:14  Zergling x4  
  44  4:22  Baneling  
  44  4:23  Baneling x5  
  43  4:24  Baneling  
  43  4:25  Baneling  
  43  4:29  Zergling x4  
  45  4:36  Zergling x4  
  47  4:39  Zergling x2  
  47  4:43  Zergling x2  
  47  4:44  Zergling x2  
  42  4:55  Zergling x4  
  42  4:58  Zergling x4  
  37  5:03  Spore Crawler  
  29  5:22  Drone  
  29  5:27  Drone x2  
  32  5:32  Drone  
  33  5:37  Drone  
  34  5:48  Drone x2  
  36  6:00  Drone x2  
  37  6:05  Baneling x2  
  37  6:06  Baneling x3  
  37  6:08  Zergling x2  
  37  6:22  Zergling x8  
  41  6:25  Zergling x2  
  41  6:27  Zergling x2  
  42  6:34  Zergling x4  
  43  6:46  Zergling x4  
  43  6:55  Overlord  
  43  7:03  Overlord  
  39  7:13  Drone x5  
  38  7:20  Drone  
  39  7:26  Zergling x4  
  29  7:39  Zergling x8  
Show
View Real Time Build Order
Export as new Build Order

Larry Protoss 

Build Orders:  

Get SALT Encoding   

  12  0:00  Probe (Chrono Boost)  
  13  0:11  Probe (Chrono Boost)  
  14  0:17  Pylon  
  14  0:22  Probe (Chrono Boost)  
  15  0:36  Probe (Chrono Boost)  
  15  0:38  Gateway  
  16  0:43  Assimilator  
  16  0:48  Probe (Chrono Boost)  
  17  0:56  Assimilator  
  17  0:59  Probe (Chrono Boost)  
  18  1:09  Probe (Chrono Boost)  
  19  1:12  Gateway  
  19  1:20  Probe (Chrono Boost)  
  20  1:26  Cybernetics Core  
  20  1:30  Probe (Chrono Boost)  
  21  1:39  Pylon  
  21  1:41  Probe (Chrono Boost)  
  22  1:52  Probe (Chrono Boost)  
  23  2:03  Stalker x2  
  23  2:05  Warp Gate (Chrono Boost)  
  27  2:18  Robotics Facility  
  27  2:33  Stalker  
  27  2:34  Stalker  
  31  2:41  Pylon  
  31  3:05  Warp Prism (Chrono Boost)  
  31  3:07  Stalker  
  31  3:09  Sentry  
  37  3:17  Gateway  
  37  3:24  Gateway  
  37  3:31  Pylon  
  37  3:49  Pylon  
  36  4:08  Stalker x2  
  40  4:13  Pylon  
  40  4:37  Stalker x2  
  44  4:56  Sentry  
  44  4:57  Stalker  
  38  5:12  Stalker x2, Mothership Core  
  38  5:33  Stalker x2  
  38  5:35  Adept x2  
  46  5:56  Stalker x4  
  54  6:00  Pylon  
  54  6:21  Adept  
  54  6:22  Adept x2  
  48  6:31  Warp Prism  
  30  6:41  Stalker x3  
  30  6:43  Sentry  
  37  7:15  Stalker  
  37  7:16  Stalker x2  
  37  7:19  Stalker  
  41  7:44  Stalker  
  41  7:45  Probe, Stalker  
Show
View Real Time Build Order
Export as new Build Order

Bioice Zerg - Winner!

Build Orders: Hatch First, Zergling Baneling 

Get SALT Encoding   

  12  0:00  Drone  
  13  0:13  Overlord  
  13  0:17  Drone  
  14  0:31  Drone  
  14  0:32  Drone  
  17  0:35  Drone  
  17  0:56  Hatchery  
  16  1:01  Drone  
  17  1:05  Drone  
  18  1:11  Extractor  
  17  1:23  Drone  
  17  1:24  Spawning Pool  
  17  1:26  Drone  
  17  1:30  Drone  
  19  1:39  Overlord  
  19  1:50  Drone  
  20  2:11  Queen x2  
  20  2:12  Zergling x2  
  20  2:13  Zergling x2  
  26  2:16  Drone  
  26  2:19  Metabolic Boost  
  27  2:23  Drone  
  28  2:33  Drone  
  28  2:34  Drone  
  28  2:36  Drone  
  31  2:43  Zergling x2  
  32  2:44  Baneling Nest  
  32  2:51  Overlord  
  31  2:52  Drone  
  31  2:55  Drone  
  33  3:05  Overlord  
  32  3:10  Drone  
  33  3:14  Overlord  
  33  3:16  Zergling x2  
  34  3:26  Zergling x8  
  34  3:27  Zergling x4  
  40  3:31  Zergling x2  
  41  3:35  Overlord  
  41  3:42  Zergling x2  
  41  3:46  Zergling x2  
  43  3:49  Baneling x2  
  43  3:50  Baneling x2  
  43  3:51  Zergling x8  
  43  3:54  Zergling x2  
  43  3:55  Zergling x2  
  49  3:57  Zergling x2  
  50  4:03  Overlord  
  45  4:17  Baneling x3  
  45  4:18  Zergling x6  
  45  4:23  Zergling x2  
  49  4:25  Baneling  
  49  4:26  Baneling x3  
  49  4:28  Zergling x2  
  49  4:46  Zergling x2  
  49  4:47  Zergling x4  
  51  4:54  Zergling x2  
  49  5:00  Zergling x8  
  49  5:05  Zergling x6  
  49  5:10  Zergling x2  
  47  5:22  Drone x2  
  47  5:23  Drone x5  
  47  5:25  Drone  
  55  5:29  Drone  
  56  5:39  Overlord  
  56  5:43  Drone  
  56  5:45  Drone  
  56  5:47  Baneling x2  
  56  5:48  Baneling  
  58  5:50  Drone  
  59  6:02  Drone  
  60  6:06  Drone x4  
  60  6:07  Drone  
  65  6:13  Zergling x2  
  65  6:14  Zergling x2  
  66  6:24  Zergling x4  
  66  6:25  Zergling x2  
  62  6:28  Zergling x2  
  62  6:29  Zergling x8  
  64  6:37  Extractor, Lair  
  64  6:39  Extractor x2  
  61  6:40  Drone x2  
  61  6:42  Evolution Chamber  
  61  6:44  Drone  
  63  6:51  Drone  
  64  6:59  Drone  
  65  7:01  Hatchery  
  65  7:02  Drone x3  
  65  7:05  Overlord  
  65  7:15  Drone  
  65  7:16  Drone  
  65  7:17  Baneling x2  
  65  7:18  Baneling x2  
  65  7:20  Drone x2  
  68  7:25  Drone x4  
  68  7:26  Drone  
  68  7:29  Baneling x2  
  71  7:46  Drone x5  
Show
View Real Time Build Order
Export as new Build Order

puCK Protoss - Winner!

Build Orders: Oracle Opening 

Get SALT Encoding   

  12  0:01  Probe (Chrono Boost)  
  13  0:11  Probe (Chrono Boost)  
  14  0:20  Pylon  
  14  0:29  Probe (Chrono Boost)  
  15  0:38  Gateway  
  15  0:39  Probe (Chrono Boost)  
  16  0:46  Assimilator  
  17  0:50  Probe (Chrono Boost)  
  17  1:00  Probe (Chrono Boost)  
  19  1:11  Probe (Chrono Boost)  
  19  1:20  Assimilator  
  19  1:22  Probe (Chrono Boost)  
  19  1:23  Gateway  
  20  1:26  Cybernetics Core  
  20  1:32  Probe (Chrono Boost)  
  21  1:35  Pylon  
  21  1:43  Probe (Chrono Boost)  
  22  1:53  Probe (Chrono Boost)  
  23  2:03  Warp Gate (Chrono Boost)  
  23  2:10  Mothership Core (Chrono Boost)  
  23  2:14  Nexus  
  25  2:21  Stalker  
  27  2:30  Stalker  
  29  2:38  Pylon  
  29  2:39  Probe (Chrono Boost)  
  30  2:56  Probe (Chrono Boost), Stalker  
  33  3:00  Stalker  
  35  3:14  Stargate  
  35  3:17  Probe (Chrono Boost)  
  36  3:22  Gateway  
  36  3:30  Stalker  
  38  3:38  Probe  
  39  3:41  Pylon  
  39  3:43  Probe  
  40  3:50  Probe  
  41  3:58  Oracle (Chrono Boost)  
  41  4:02  Adept  
  46  4:10  Probe  
  45  4:29  Stalker  
  45  4:30  Stalker  
  49  4:36  Stalker  
  51  4:53  Zealot  
  51  4:54  Zealot  
  47  5:02  Stalker  
  47  5:18  Probe  
  47  5:19  Probe  
  49  5:28  Probe  
  49  5:32  Probe  
  51  5:39  Probe (Chrono Boost)  
  52  5:44  Probe (Chrono Boost)  
  52  5:47  Pylon  
  53  5:51  Probe (Chrono Boost)  
  53  5:56  Probe (Chrono Boost)  
  55  6:01  Probe (Chrono Boost)  
  53  6:05  Oracle (Chrono Boost)  
  53  6:06  Probe  
  53  6:10  Probe  
  54  6:20  Stalker  
  54  6:30  Robotics Facility  
  55  6:35  Adept  
  55  6:37  Probe (Chrono Boost)  
  55  6:38  Probe (Chrono Boost)  
  58  6:49  Probe (Chrono Boost)  
  58  6:50  Probe (Chrono Boost), Oracle  
  63  7:00  Assimilator, Probe (Chrono Boost)  
  65  7:01  Probe (Chrono Boost)  
  65  7:11  Probe (Chrono Boost)  
  65  7:12  Probe (Chrono Boost)  
  67  7:18  Stalker  
  67  7:22  Probe (Chrono Boost)  
  70  7:26  Pylon  
  70  7:27  Pylon  
  70  7:32  Mothership Core (Chrono Boost)  
  70  7:34  Adept  
  69  7:42  Stalker  
Tags
 
Add a new tag
Caveats
  • Supply blocks, unpowered buildings, or Contaminate may cause inaccurate times.
  • Supply counts are checked every 10 seconds.